Map: Dusk Towers

Players

llllllllllll

  • Race: Protoss Protoss
  • League: Grandmaster

Trap - Winner!

  • Race: Protoss Protoss
  • League: Grandmaster

VOD

Have the link to the VOD?

Description

Time

  • Played on: Dec. 27, 2015, 10:12 a.m.
  • Length: 9:59
Show
View Real Time Build Order
Export as new Build Order

llllllllllll Protoss 

Build Orders: Nexus First, Zealot Archon 

Get SALT Encoding   

  12  0:01  Probe (Chrono Boost)  
  13  0:12  Probe (Chrono Boost)  
  14  0:18  Pylon  
  14  0:22  Probe (Chrono Boost)  
  15  0:36  Probe (Chrono Boost)  
  16  0:47  Probe (Chrono Boost)  
  17  0:58  Nexus  
  17  1:01  Probe (Chrono Boost)  
  18  1:11  Gateway  
  18  1:15  Probe (Chrono Boost)  
  19  1:25  Probe (Chrono Boost), Assimilator  
  20  1:28  Assimilator  
  20  1:36  Probe (Chrono Boost)  
  20  1:39  Gateway  
  21  1:46  Probe (Chrono Boost)  
  22  1:54  Pylon  
  22  1:59  Cybernetics Core  
  22  2:02  Probe (Chrono Boost)  
  23  2:11  Probe (Chrono Boost)  
  23  2:13  Probe (Chrono Boost)  
  25  2:21  Probe (Chrono Boost)  
  26  2:24  Probe (Chrono Boost)  
  27  2:32  Probe (Chrono Boost)  
  27  2:34  Probe (Chrono Boost)  
  29  2:37  Warp Gate  
  29  2:38  Stalker (Chrono Boost)  
  29  2:40  Stalker (Chrono Boost)  
  32  2:46  Mothership Core  
  32  2:49  Probe  
  35  2:55  Pylon  
  35  3:05  Stalker (Chrono Boost)  
  37  3:07  Stalker (Chrono Boost)  
  37  3:12  Probe x2  
  41  3:24  Probe, Robotics Facility  
  42  3:31  Stalker (Chrono Boost)  
  44  3:36  Probe x2 (Chrono Boost)  
  46  3:48  Probe x2 (Chrono Boost)  
  47  3:52  Twilight Council  
  48  3:57  Pylon  
  48  3:58  Probe (Chrono Boost)  
  48  3:59  Probe (Chrono Boost)  
  50  4:06  Gateway  
  50  4:09  Gateway, Probe (Chrono Boost)  
  52  4:10  Probe (Chrono Boost)  
  52  4:11  Observer  
  53  4:20  Probe x2 (Chrono Boost), Pylon  
  55  4:30  Probe (Chrono Boost)  
  55  4:31  Probe (Chrono Boost)  
  57  4:33  Pylon  
  57  4:34  Pylon  
  57  4:37  Assimilator  
  57  4:38  Assimilator  
  57  4:41  Probe (Chrono Boost)  
  57  4:45  Stalker x2  
  62  4:50  Probe (Chrono Boost)  
  62  4:52  Probe (Chrono Boost)  
  63  4:56  Blink  
  61  5:00  Probe (Chrono Boost)  
  61  5:02  Probe (Chrono Boost)  
  63  5:11  Probe (Chrono Boost)  
  63  5:12  Gateway  
  63  5:13  Probe (Chrono Boost)  
  65  5:16  Stalker x3  
  65  5:20  Pylon  
  71  5:21  Probe (Chrono Boost)  
  71  5:23  Probe (Chrono Boost)  
  71  5:24  Observer  
  71  5:28  Pylon  
  74  5:31  Pylon  
  74  5:32  Probe (Chrono Boost)  
  71  5:46  Stalker x4  
  78  5:53  Mothership Core (Chrono Boost)  
  80  6:07  Probe (Chrono Boost)  
  76  6:11  Probe (Chrono Boost)  
  76  6:13  Stalker x3  
  76  6:17  Probe (Chrono Boost)  
  79  6:22  Stalker x2, Probe (Chrono Boost)  
  84  6:28  Probe (Chrono Boost)  
  84  6:32  Probe (Chrono Boost)  
  86  6:38  Probe (Chrono Boost)  
  87  6:43  Probe (Chrono Boost)  
  88  6:48  Forge  
  88  6:49  Probe (Chrono Boost)  
  88  6:52  Nexus  
  88  6:53  Probe (Chrono Boost)  
  90  6:59  Probe (Chrono Boost)  
  90  7:00  Templar Archives  
  91  7:04  Probe (Chrono Boost)  
  92  7:08  Zealot  
  92  7:09  Zealot x3  
  92  7:14  Pylon  
  100  7:20  Pylon  
  100  7:21  Pylon  
  100  7:34  Protoss Ground Weapons Level 1 (Chrono Boost)  
  100  7:38  High Templar  
  100  7:39  High Templar  
  100  7:43  Gateway, Archon  
  104  7:49  Zealot x3  
  104  7:50  Probe  
  110  7:52  Probe  
  109  8:01  Probe  
  109  8:04  Probe  
  109  8:05  Gateway  
  111  8:06  Gateway  
  111  8:09  Gateway  
  111  8:11  Probe  
  111  8:14  High Templar x2  
  111  8:16  Zealot x3  
  122  8:20  Photon Cannon  
  122  8:23  Probe  
  122  8:27  Photon Cannon  
  123  8:28  Probe  
  123  8:29  Probe  
  123  8:34  Photon Cannon  
  125  8:39  High Templar x2  
  125  8:40  Archon  
  129  8:47  Pylon, Archon  
  128  8:53  Probe  
  128  8:54  Probe  
  126  8:55  Probe  
  127  9:07  Gateway  
  127  9:08  High Templar x2  
  127  9:09  Pylon  
  131  9:10  Zealot x3  
  131  9:11  Zealot x2  
  131  9:13  High Templar  
  131  9:14  High Templar  
  145  9:20  Archon  
  145  9:22  Pylon  
  145  9:23  Pylon  
  140  9:29  Probe x2  
  140  9:31  Probe  
  139  9:32  Archon  
  138  9:39  Zealot x4  
  138  9:44  Probe  
  98  9:54  High Templar  
  98  9:55  Zealot x3, High Templar  
Show
View Real Time Build Order
Export as new Build Order

Trap Protoss - Winner!

Build Orders: 1 Gate Expand, Phoenix Opening 

Get SALT Encoding   

  12  0:01  Probe (Chrono Boost)  
  13  0:11  Probe (Chrono Boost)  
  14  0:22  Probe (Chrono Boost), Pylon  
  15  0:40  Gateway  
  15  0:41  Probe (Chrono Boost)  
  16  0:49  Assimilator  
  16  0:51  Probe (Chrono Boost)  
  17  1:02  Probe (Chrono Boost)  
  18  1:12  Probe (Chrono Boost)  
  19  1:19  Nexus  
  19  1:28  Cybernetics Core  
  19  1:32  Probe (Chrono Boost)  
  20  1:37  Assimilator  
  20  1:43  Probe (Chrono Boost)  
  21  1:47  Pylon  
  21  1:53  Probe (Chrono Boost)  
  22  2:04  Probe (Chrono Boost)  
  22  2:05  Warp Gate  
  22  2:08  Stalker (Chrono Boost)  
  26  2:15  Probe (Chrono Boost)  
  26  2:20  Twilight Council  
  26  2:27  Probe (Chrono Boost)  
  27  2:31  Probe (Chrono Boost)  
  27  2:35  Stalker  
  30  2:39  Probe (Chrono Boost)  
  30  2:42  Probe (Chrono Boost)  
  32  2:50  Probe (Chrono Boost), Stargate  
  33  2:52  Probe (Chrono Boost)  
  33  2:57  Assimilator  
  34  3:00  Probe (Chrono Boost)  
  34  3:03  Probe (Chrono Boost)  
  36  3:08  Stargate  
  36  3:11  Probe (Chrono Boost)  
  37  3:13  Probe (Chrono Boost)  
  37  3:15  Pylon  
  38  3:21  Probe (Chrono Boost)  
  38  3:24  Probe (Chrono Boost), Assimilator  
  40  3:32  Probe (Chrono Boost)  
  40  3:33  Probe (Chrono Boost)  
  41  3:35  Phoenix (Chrono Boost)  
  44  3:43  Probe  
  44  3:44  Mothership Core  
  46  3:48  Pylon  
  46  3:52  Phoenix (Chrono Boost)  
  48  4:00  Phoenix (Chrono Boost)  
  48  4:01  Probe  
  51  4:05  Probe  
  51  4:09  Pylon  
  52  4:15  Phoenix (Chrono Boost)  
  54  4:22  Phoenix (Chrono Boost)  
  54  4:23  Probe x2  
  58  4:35  Probe x2  
  58  4:37  Phoenix (Chrono Boost)  
  62  4:44  Pylon, Phoenix (Chrono Boost)  
  64  4:56  Probe, Robotics Facility  
  64  4:58  Probe  
  64  4:59  Phoenix (Chrono Boost)  
  68  5:06  Pylon  
  68  5:07  Pylon  
  68  5:18  Void Ray (Chrono Boost)  
  72  5:22  Pylon  
  72  5:24  Void Ray (Chrono Boost)  
  76  5:46  Immortal (Chrono Boost)  
  80  5:51  Gateway  
  80  5:53  Gateway  
  80  5:55  Void Ray  
  80  5:56  Gateway  
  80  6:03  Void Ray  
  88  6:20  Pylon  
  88  6:21  Immortal (Chrono Boost)  
  88  6:22  Stalker  
  88  6:23  Pylon  
  94  6:34  Pylon  
  94  6:36  Pylon  
  94  6:38  Pylon  
  93  6:50  Stalker x4  
  101  6:57  Pylon  
  101  7:00  Observer (Chrono Boost)  
  102  7:08  Nexus  
  102  7:10  Pylon  
  102  7:19  Immortal (Chrono Boost), Protoss Air Weapons Level 1  
  106  7:26  Twilight Council  
  106  7:37  Sentry x2  
  108  7:38  Probe x2  
  108  7:41  Pylon  
  108  7:42  Pylon  
  112  7:47  Adept  
  112  7:50  Probe x2  
  114  8:02  Probe x2  
  114  8:05  Charge (Chrono Boost)  
  116  8:14  Probe x2  
  116  8:15  Robotics Bay  
  116  8:19  Immortal (Chrono Boost), Assimilator  
  118  8:22  Probe  
  118  8:25  Assimilator  
  118  8:26  Probe x2  
  125  8:33  Probe  
  125  8:38  Probe x2  
  128  8:42  Gateway  
  128  8:43  Probe  
  128  8:45  Gateway  
  127  8:53  Zealot x3  
  127  8:54  Zealot  
  135  8:55  Pylon  
  135  8:57  Disruptor  
  138  9:02  Robotics Facility  
  138  9:06  Forge  
  138  9:13  Pylon  
  138  9:16  Pylon  
  138  9:18  Zealot x3  
  142  9:47  Zealot x4  
  142  9:48  Zealot  
Tags
 
Add a new tag
Caveats
  • Supply blocks, unpowered buildings, or Contaminate may cause inaccurate times.
  • Supply counts are checked every 10 seconds.